 Dungeon Crawl Stone Soup version 0.30-a0-4-ga7cffc901d (webtiles) character file.

Game seed: 17716595059299959040

20664 xian the Cleaver (level 12, -18/157 HPs)
             Began as a Demonspawn Fighter on Aug 21, 2022.
             Was a Priest of Ashenzari.
             Demolished by Rupert
             ... wielding a +6 great mace of holy wrath
              (23 damage)
             ... on level 1 of the Orcish Mines.
             The game lasted 00:42:36 (14880 turns).

xian the Cleaver (Demonspawn Fighter)              Turns: 14880, Time: 00:42:37

Health: -18/157    AC: 22    Str: 28    XL:     12   Next: 47%
Magic:  12/12      EV:  8    Int: 10    God:    Ashenzari [***...]
Gold:   1019       SH:  5    Dex: 12    Spells: 11/11 levels left

rFire   . . .      SeeInvis +    a - +1 war axe (venom)
rCold   . . .      Faith    .    c - +0 buckler
rNeg    . . .      Spirit   .    t - +0 plate armour
rPois   .          Reflect  .    x - +0 helmet of the Enigmatic Sybil {Melee, Range} (curse)
rElec   .          Harm     .    g - +0 cloak of Curses and Power {Alch, Evo} (curse)
rCorr   .          Rampage  .    (no gloves)
Will    .....      Clarity  +    (no boots)
Stlth   ..........               G - amulet "Ensconced Foul Odours" {Acrobat, Comp, Melee} (curse)
HPRegen 0.36/turn                D - ring of the Ruined Moon {Str+6, Self, Evo} (curse)
MPRegen 0.13/turn                l - ring of the Elysian Negation {AC+4, Comp, Self} (curse)

@: berserking, lethally poisoned (-18 -> -20), very quick
A: molten scales 1, foul stench 1, spiny 2
a: Renounce Religion, Curse Item, Shatter the Chains


You were on level 1 of the Orcish Mines.
You worshipped Ashenzari.
Ashenzari was most pleased with you.
You visited 3 branches of the dungeon, and saw 12 of its levels.

You collected 1091 gold pieces.
You spent 72 gold pieces at shops.

Inventory:

Hand Weapons
 a - a +1 war axe of venom (weapon)
 r - a +1 vorpal arbalest
 H - the +8 falchion of Symmetry {vorpal, Contam rC++ MP+9}
   (You found it on level 7 of the Dungeon)

   It inflicts extra damage upon your enemies.
   rC:        It greatly protects you from cold.
   MP:        It affects your magic capacity (+9).
   Contam:    It causes magical contamination when unequipped.
 I - a +2 vampiric double sword
Missiles
 h - 31 poisoned darts (quivered)
 i - 6 silver javelins
 R - 2 curare-tipped darts
Armour
 c - a +0 buckler (worn)
 g - the cursed +0 cloak of Curses and Power (worn) {Alch, Evo}
   (You found it on level 1 of the Dungeon)

   It has a curse which improves the following skills: Alchemy: Poison Magic and
   Transmutations.
   Evocations: Evocations.
 t - a +0 plate armour (worn)
 x - the cursed +0 helmet of the Enigmatic Sybil (worn) {Melee, Range}
   (You found it on level 4 of the Dungeon)

   It has a curse which improves the following skills: Melee Combat: Short
   Blades, Long Blades, Axes, Maces & Flails, Polearms, Staves and Unarmed
   Combat.
   Ranged Combat: Ranged Weapons and Throwing.
 B - a scarf of harm
Jewellery
 l - the cursed ring of the Elysian Negation (right hand) {AC+4, Comp, Self}
   (You found it on level 1 of the Lair of Beasts)

   [ring of protection]

   AC:        It affects your AC (+4).
   It has a curse which improves the following skills: Companions: Summonings
   and Necromancy.
   Introspection: Fighting and Spellcasting.
 D - the cursed ring of the Ruined Moon (left hand) {Str+6, Self, Evo}
   (You found it on level 5 of the Dungeon)

   [ring of strength]

   Str:       It affects your strength (+6).
   It has a curse which improves the following skills: Introspection: Fighting
   and Spellcasting.
   Evocations: Evocations.
 G - the cursed amulet "Ensconced Foul Odours" (around neck) {Acrobat, Comp, Melee}
   (You found it on level 6 of the Dungeon)

   [amulet of the acrobat]

   It increases your evasion while moving and waiting.
   It has a curse which improves the following skills: Companions: Summonings
   and Necromancy.
   Melee Combat: Short Blades, Long Blades, Axes, Maces & Flails, Polearms,
   Staves and Unarmed Combat.
 L - an amulet of regeneration
 M - an amulet of reflection
Wands
 d - a wand of paralysis (18)
 m - a wand of roots (28)
 F - a wand of quicksilver (12)
 N - a wand of mindburst (16)
 Q - a wand of flame (8)
Scrolls
 b - 4 scrolls of blinking
 j - 3 scrolls of fear
 k - 3 scrolls of teleportation
 p - a scroll of summoning
 q - a scroll of enchant armour
 s - a scroll of immolation
 w - 4 scrolls of magic mapping
 y - a scroll of poison
 z - a scroll of fog
 J - a scroll of silence
 K - a scroll of amnesia
 P - a scroll of enchant weapon
Potions
 e - 2 potions of cancellation
 n - 3 potions of brilliance
 o - a potion of lignification
 u - a potion of invisibility
 v - 3 potions of flight
 A - a potion of might
 C - a potion of ambrosia
 E - a potion of resistance
 O - a potion of magic


   Skills:
 * Level 10.6(13.0) Fighting
 + Level 11.8(14.2) Axes
 - Level 6.6(8.3) Ranged Weapons
 * Level 3.5(5.0) Throwing
 + Level 8.8 Armour
 + Level 2.2 Dodging
 + Level 1.5 Stealth
 + Level 4.7 Shields


You had 11 spell levels left.
You didn't know any spells.
Your spell library contained the following spells:

 Spells                   Type           Power      Damage    Failure   Level
 Freeze                   Ice            0%         1d3       99%         1
 Sandblast                Erth           0%         2d4       99%         1
 Passwall                 Tmut/Erth      0%         N/A       99%         2
 Frozen Ramparts          Ice            0%         1d1       100%        3
 Stone Arrow              Conj/Erth      0%         3d7       100%        3
 Airstrike                Air            0%         2d(0-16)  100%        4
 Anguish                  Hex/Necr       0%         N/A       100%        4
 Hailstorm                Conj/Ice       0%         3d3       100%        4
 Summon Lightning Spire   Summ/Air       0%         N/A       100%        4
 Lightning Bolt           Conj/Air       0%         1d11      100%        5
 Enfeeble                 Hex            0%         N/A       100%        7


Dungeon Overview and Level Annotations

Branches:
Dungeon (9/15)             Temple (0/1) D:6            Lair (1/5) D:8
    Orc (2/2) D:9
    Elf: Orc:2

Altars:
Ashenzari
Fedhas
Makhleb
Nemelex Xobeh
Trog

Shops:
D:4 *

Annotations:
Lair:1 exclusion: oklob plant
Orc:1 Rupert


Innate Abilities, Weirdness & Mutations

You are partially covered in molten scales. (AC +2)
You may rarely emit foul miasma when damaged in melee.
You are mostly covered in sharp spines.


Message History

The orc warrior hits you but does no damage.
The orc is engulfed in dark miasma.
The orc is poisoned.
The orc seems to slow down.
You kill the orc!
Rupert is struck by your spines. Rupert barely misses you.
You can move again.
You block the orc wizard's attack.
The orc warrior hits you with a +0 long sword.
The orc hits you but does no damage.
You are poisoned.
Rupert hits you with a +6 great mace of holy wrath!!
You convulse!
You climb upwards.
You feel very sick.
There is a stone staircase leading down, spattered with blood here.
Items here: )))) [[.
You hit Rupert.
Rupert is lightly wounded.
You slash the orc!
You kill the orc!
You slash the orc wizard!
The orc wizard is poisoned.
You closely miss the orc warrior.
You feel sick.
The orc wizard mumbles some strange words.
The orc wizard flickers and vanishes for a moment.
The orc warrior completely misses you. Rupert yells loudly at you.
You feel momentarily confused.
You feel sick.
The orc wizard is struck by your spines.
You kill the orc wizard!
The orc warrior hits you but does no damage.
Rupert roars madly and goes into a rage!
Rupert goes berserk!
There is a staircase back to the Dungeon, spattered with blood here.
A red film seems to cover your vision as you go berserk!
You feel yourself moving faster!
You feel mighty!
You feel sick.
Rupert hits you with a +6 great mace of holy wrath!!!
* * * LOW HITPOINT WARNING * * *
You convulse!!
You die...

.................................
.....................8...8..8..8.
...........#.....................
.....#....#......................
.#)...#....#.#.......8..8..8..8..
#............#............)......
#................[..8..........._
#.............))o)...............
....####.......>@[...8..8..8..8..
....# ##......)@[...............
....# ###.......................
_...####..............8..8..8..8.
...###...........................
...#...........#......###########
.......###.............##.##
#.#....##.....#............#
##...........#..........#.##


You could see Rupert (berserk) and an orc warrior.

Vanquished Creatures
  Gastronok (Lair:1)
  Fannar (Orc:1)
  A two-headed ogre (D:8)
  Erica (D:8)
  Urug (Lair:1)
  2 orc high priests (D:9)
  An orc knight (D:9)
  2 orc sorcerers
  Maurice (D:8)
  Joseph (D:8)
  A black mamba (Lair:1)
  Maggie (D:8)
  6 cane toads (Lair:1)
  2 rime drakes (Lair:1)
  2 komodo dragons (Lair:1)
  A polar bear (Lair:1)
  Prince Ribbit (Lair:1)
  2 hornets (D:9)
  4 blink frogs (Lair:1)
  11 yaks
  A wyvern (D:9)
  A vampire (D:9)
  A basilisk (Lair:1)
  3 steam dragons
  5 wargs
  An acid dragon (D:8)
  A water moccasin (Lair:1)
  14 orc warriors
  7 black bears
  An ice beast (D:5)
  3 sky beasts
  An ogre (Orc:2)
  2 centaurs
  9 wolves (Lair:1)
  A phantom (D:5)
  3 kobold brigands
  5 bullfrogs
  A gnoll sergeant (D:9)
  3 scorpions
  7 wights
  6 killer bees
  A howler monkey (D:9)
  5 hounds
  3 jellies
  11 orc priests
  2 iguanas
  2 gnoll boudas
  12 orc wizards
  15 gnolls
  10 adders
  2 white imps (D:6)
  2 worms (D:4)
  2 dart slugs (D:3)
  46 orcs
  10 ball pythons
  4 bats
  3 endoplasms (D:4)
  3 giant cockroaches
  9 hobgoblins
  2 jackals (D:5)
  23 kobolds
  2 quokkas
  A frilled lizard (D:2)
  2 rats
291 creatures vanquished.

Vanquished Creatures (others)
  An orc (Orc:1)
  6 fungi
  9 plants
16 creatures vanquished.

Grand Total: 307 creatures vanquished

Notes
Turn   | Place    | Note
-------+----------+-------------------------------------------
     0 | D:1      | xian the Demonspawn Fighter began the quest for the Orb.
     0 | D:1      | Reached XP level 1. HP: 18/18 MP: 1/1
   323 | D:1      | Gained mutation: You are partially covered in sharp spines.
                  | [demonic ancestry]
   323 | D:1      | Reached XP level 2. HP: 23/24 MP: 2/2
   524 | D:2      | Reached skill level 1 in Dodging
   525 | D:2      | Reached XP level 3. HP: 29/29 MP: 3/3
   531 | D:2      | Reached skill level 2 in Axes
   870 | D:2      | Found a faded altar of an unknown god.
  2034 | D:3      | Reached XP level 4. HP: 35/35 MP: 4/4
  2476 | D:3      | Found a blossoming altar of Fedhas.
  2499 | D:3      | Found a broken altar of Ashenzari.
  2502 | D:3      | Found a burning altar of Makhleb.
  2510 | D:3      | Became a worshipper of Ashenzari the Shackled
  2650 | D:4      | Reached skill level 3 in Axes
  2651 | D:4      | Reached XP level 5. HP: 28/41 MP: 5/5
  2974 | D:4      | Gained mutation: You may rarely emit foul miasma when
                  | damaged in melee. [demonic ancestry]
  2974 | D:4      | Reached XP level 6. HP: 23/47 MP: 6/6
  3356 | D:4      | Found Wef Unext's Assorted Antiques.
  3794 | D:4      | Bought a scroll labelled JYOLEAVOPI for 24 gold pieces
  3794 | D:4      | Bought a scroll labelled CIJULAVAXO for 24 gold pieces
  3794 | D:4      | Bought a scroll labelled JYOLEAVOPI for 24 gold pieces
  3939 | D:5      | Entered Level 5 of the Dungeon
  3969 | D:5      | Reached skill level 4 in Axes
  4085 | D:5      | Reached skill level 1 in Ranged Weapons
  4085 | D:5      | Gained mutation: You are partially covered in molten
                  | scales. (AC +2) [demonic ancestry]
  4085 | D:5      | Reached XP level 7. HP: 33/54 MP: 7/7
  4212 | D:5      | Reached * piety under Ashenzari
  4248 | D:5      | Reached skill level 5 in Axes
  4410 | D:5      | Found a bloodstained altar of Trog.
  4670 | D:5      | Found a sparkling altar of Nemelex Xobeh.
  5103 | D:6      | Noticed a steam dragon
  5105 | D:6      | Killed a steam dragon
  5106 | D:6      | Found a staircase to the Ecumenical Temple.
  5126 | D:6      | Reached XP level 8. HP: 26/61 MP: 8/8
  5246 | D:6      | Reached skill level 6 in Axes
  5436 | D:6      | Reached skill level 5 in Fighting
  5695 | D:6      | Reached skill level 5 in Armour
  6064 | D:6      | Reached ** piety under Ashenzari
  6201 | D:7      | Reached skill level 7 in Axes
  6318 | D:7      | Reached XP level 9. HP: 54/72 MP: 9/9
  7374 | D:7      | Identified the +8 falchion of Symmetry {vorpal, Contam rC++
                  | MP+9}
  8088 | D:8      | Noticed Erica
  8110 | D:8      | Killed Erica
  8111 | D:8      | Reached skill level 8 in Axes
  8237 | D:8      | Noticed Joseph
  8252 | D:8      | Killed Joseph
  8253 | D:8      | Reached XP level 10. HP: 30/82 MP: 10/10
  8519 | D:8      | Reached *** piety under Ashenzari
  8537 | D:8      | Found a staircase to the Lair.
  8560 | Lair:1   | Entered Level 1 of the Lair of Beasts
  8572 | Lair:1   | Noticed a cane toad
  8580 | Lair:1   | Killed a cane toad
  8641 | Lair:1   | Reached skill level 5 in Ranged Weapons
  8736 | Lair:1   | Noticed Urug
  8752 | Lair:1   | Reached skill level 9 in Axes
  8754 | Lair:1   | Killed Urug
  8768 | Lair:1   | Reached skill level 1 in Throwing
  8796 | Lair:1   | Noticed Prince Ribbit
  8811 | Lair:1   | Killed Prince Ribbit
  8816 | Lair:1   | Noticed a cane toad
  8836 | Lair:1   | HP: 3/85 [cane toad (16)]
  8837 | Lair:1   | Killed a cane toad
  9120 | Lair:1   | Reached XP level 11. HP: 58/92 MP: 11/11
  9239 | Lair:1   | Reached skill level 10 in Axes
 10008 | Lair:1   | Noticed an oklob plant
 10109 | Lair:1   | Noticed Gastronok
 10130 | Lair:1   | Killed Gastronok
 10767 | D:8      | Noticed a two-headed ogre
 10775 | D:8      | Killed a two-headed ogre
 10799 | D:8      | Noticed Maurice
 10819 | D:8      | Killed Maurice
 11116 | D:8      | Noticed Maggie
 11128 | D:8      | Killed Maggie
 11499 | D:9      | Reached skill level 11 in Axes
 11833 | D:9      | Reached skill level 1 in Stealth
 11920 | D:9      | Gained mutation: You are mostly covered in sharp spines.
                  | [demonic ancestry]
 11920 | D:9      | Reached XP level 12. HP: 102/102 MP: 12/12
 12162 | D:9      | Found a staircase to the Orcish Mines.
 12277 | Orc:1    | Entered Level 1 of the Orcish Mines
 12277 | Orc:1    | Noticed Fannar
 12461 | Orc:1    | Noticed an orc high priest
 12463 | Orc:1    | Killed Fannar
 12464 | Orc:1    | Reached skill level 10 in Fighting
 12757 | Orc:1    | Noticed an orc high priest
 12928 | D:9      | Killed an orc high priest
 13106 | D:9      | Killed an orc high priest
 14302 | Orc:1    | Paralysed by an orc sorcerer for 5 turns
 14721 | Orc:2    | Entered Level 2 of the Orcish Mines
 14725 | Orc:2    | Noticed Rupert
 14871 | Orc:2    | Paralysed by Rupert for 5 turns
 14880 | Orc:1    | HP: 5/157 [Rupert/+6 great mace of holy wrath (41)]
 14880 | Orc:1    | Demolished by Rupert

Illustrated notes

Levels and vault maps discovered:
D:1:      psy_arrival_dodecagon, layout_rooms
D:2:      layout_basic, basic_altar, shapermc_ecumenical_altar_acropolis,
          minmay_shallow_snake_nest
D:3:      layout_loops_ring, grunt_temple_overflow_cloverleaf
D:4:      nicolae_cairo_tiling, layout_basic, serial_shops,
          nicolae_shop_waterfront
D:5:      layout_gridville, kennysheep_mini_moat, trog_hazing_becter,
          chequers_jeans, st_stairs_6, dk_rats_in_the_wall
D:6:      layout_loops_ring, minmay_temple_entry_mist
D:7:      layout_layer_cave, lemuel_flame_loot_1
D:8:      layout_loops_ring, erik_lair_orcish_takeover,
          hangedman_decor_clover_reticule, uniq_erica, uniq_maggie, uniq_joseph,
          uniq_maurice
D:9:      layout_gridville, orc_0_dummy, blue_anna_alchemist
Lair:1:   beast_lair_carwin_large_4, layout_cave_pods, minmay_lair_oklob_bushes,
          serial_bayou_pond_e, minivault_25, uniq_prince_ribbit2,
          uniq_gastronok, uniq_urug
Orc:1:    layout_caves, basic_altar, bh_open_orc_temple, uniq_fannar
Orc:2:    st_orc_pillars, layout_caves, nicolae_shop_overcharged_wands,
          uniq_nessos, uniq_rupert

Skill      XL: |  1  2  3  4  5  6  7  8  9 10 11 12 |
---------------+-------------------------------------+-----
Dodging        | 1 2 |  2.2
Armour         | 3 4 5 6 7 8 |  8.8
Axes           | 2 3 4 5 7 8 9 11 | 11.8
Shields        | 3 4 |  4.7
Fighting       | 4 5 7 8 9 10 | 10.6
Ranged Weapons | 1 2 3 4 5 6 |  6.6
Throwing       | 1 2 3 |  3.5
Stealth        | 1 |  1.5

Action                   |  1- 3 |  4- 6 |  7- 9 | 10-12 || total
-------------------------+-------+-------+-------+-------++-------
Melee: War axe           |    71 |    78 |   169 |   365 ||   683
Throw: Dart              |       |       |     1 |    34 ||    35
Invok: Curse Item        |       |     1 |     3 |     2 ||     6
       Shatter the Chain |       |       |       |     1 ||     1
  Use: Potion            |       |     5 |     2 |     5 ||    12
       Scroll            |       |     6 |     3 |       ||     9
Armor: Scale mail        |    52 |       |       |       ||    52
       Chain mail        |     4 |       |       |       ||     4
       Plate armour      |       |    65 |   130 |   230 ||   425
Dodge: Dodged            |    44 |    25 |    89 |   159 ||   317
Block: Buckler           |    27 |    17 |    38 |    83 ||   165

Table legend: (Time is in decaauts)
 A = Elapsed time spent in this place.
 B = Non-inter-level travel time spent in this place.
 C = Inter-level travel time spent in this place.
 D = Time resting spent in this place.
 E = Time spent auto-exploring this place.
 F = Levels seen in this place.
 G = Mean time per level.
                   A        B        C        D        E       F      G
               +--------+--------+--------+--------+--------+-----+--------+
         Total |  14996 |  14662 |    334 |   1813 |   9993 |  12 | 1249.7 |
       Dungeon |  12097 |  11826 |    271 |   1675 |   7993 |   9 | 1344.1 |
          Lair |   2178 |   2115 |     63 |      0 |   1608 |   1 | 2178.0 |
  Orcish Mines |    720 |    720 |      0 |    138 |    392 |   2 |  360.0 |
               +--------+--------+--------+--------+--------+-----+--------+

Top non-repeatable levels by time:
     D:9: 2667 daAuts
  Lair:1: 2178 daAuts
     D:7: 1768 daAuts
     D:2: 1539 daAuts
     D:4: 1365 daAuts
     D:8: 1305 daAuts
     D:6: 1218 daAuts
     D:5: 1145 daAuts
   Orc:1: 705 daAuts
     D:3: 623 daAuts
     D:1: 464 daAuts
   Orc:2: 14 daAuts
